AoeStats
← SunTzu_Player

Lombardia

509822066Analyzed
4v4 RM · 4d ago on Sep 28, 2026· 59m 39s· 8 players
Game mode
Random Map
Map size
Large (8 player)
Population
200
Speed
Normal
Resources
Standard
Victory
Conquest
Starting age
Dark Age
Ending age
Imperial Age
RankedLock teamsTeams togetherTeam positionsShared explorationLock speedFull tech treeHidden civsTurbo modeCheats
Victory
Defeat
🇪🇨 Spanish · Ecuador
1031
+11
🇧🇪 Vietnamese · Belgium
989
+12
🇮🇳 Inca · India
979
+13
🇨🇳 Bohemians · China
901
+16
🇦🇷 Mongols · Argentina
1012
-17
🇵🇪 Burmese · Peru
910
-13
🇲🇽 Cumans · Mexico
899
-13
🇦🇷 Celts · Argentina
799
-9
Pato
11:36 Feudal Age
12:59 Loom
13:50 Wheelbarrow
13:47 Double-Bit Axe
16:22 Castle Age
14:27 Double-Bit Axe
22:14 Horse Collar
22:49 Bow Saw
25:51 Hand Cart
25:39 Heavy Plow
31:32 Imperial Age
29:40 Gold Mining
29:44 Stone Mining
31:17 Bloodlines
31:07 Husbandry
31:19 Forging
31:14 Scale Barding Armor
31:15 Caravan
32:44 Iron Casting
31:36 Cavalier
32:50 Conscription
32:54 Supremacy
32:38 Town Watch
34:01 Chain Barding Armor
36:10 Paladin
37:55 Blast Furnace
37:30 Plate Barding Armor
37:56 Plate Barding Armor
45:51 Elite Conquistador
50:44 Pikeman
51:09 Gambesons
51:24 Squires
51:09 Arson
58:05 Ballistics
57:36 Guard Tower
57:57 Careening
SHALOMS WRATH
0:44 Loom
11:08 Feudal Age
16:59 Castle Age
15:25 Double-Bit Axe
17:44 Horse Collar
18:18 Bow Saw
21:24 Heavy Plow
24:18 Wheelbarrow
25:59 Hand Cart
30:57 Imperial Age
29:06 Caravan
29:43 Coinage
29:29 Scale Mail Armor
30:17 Forging
30:30 Gold Mining
30:30 Stone Mining
31:35 Elite Kamayuk
32:39 Conscription
32:57 Squires
32:42 Arson
34:04 Crop Rotation
34:10 Gold Shaft Mining
34:11 Stone Shaft Mining
34:22 Chain Mail Armor
34:42 Iron Casting
34:14 Padded Archer Armor
34:04 Fletching
34:16 Murder Holes
34:41 Ballistics
35:22 Chemistry
34:03 Treadmill Crane
34:49 Ballistics
35:30 Chemistry
34:26 Murder Holes
34:44 Masonry
35:35 Andean Sling
35:02 Elite Skirmisher
35:48 Thumb Ring
36:17 Leather Archer Armor
37:16 Banking
36:56 Guilds
37:18 Imperial Skirmisher
39:49 Chain Mail Armor
40:10 Iron Casting
41:01 Plate Mail Armor
42:50 Blast Furnace
41:46 Bodkin Arrow
42:21 Ring Archer Armor
45:58 Bracer
46:11 Champi Runner
50:12 Town Watch
52:04 Guilds
52:35 Town Patrol
55:31 Hoardings
60:04 Siege Engineers
60:11 Fortified Wall
59:56 Heated Shot
59:52 Arrowslits
59:57 Guard Tower
br0wn3y3s
5:41 Loom
13:20 Feudal Age
15:48 Double-Bit Axe
15:55 Gold Mining
15:56 Horse Collar
19:29 Castle Age
17:43 Stone Mining
18:28 Fletching
21:12 Bow Saw
25:34 Padded Archer Armor
26:50 Caravan
28:27 Stone Shaft Mining
29:37 Wheelbarrow
28:51 Town Watch
30:14 Thumb Ring
30:18 Heavy Plow
34:55 Imperial Age
32:52 Bodkin Arrow
33:12 Leather Archer Armor
33:51 Hand Cart
36:39 Paper Money
37:51 Two-Man Saw
36:30 Elite Skirmisher
37:14 Bracer
38:01 Imperial Skirmisher
38:46 Elite Rattan Archer
40:11 Ring Archer Armor
41:48 Chemistry
41:09 Ballistics
41:19 Siege Engineers
43:04 Husbandry
43:15 Bloodlines
45:38 Crop Rotation
46:18 Masonry
46:35 Bombard Tower
47:24 Elite Battle Elephant
48:26 Forging
48:22 Scale Barding Armor
51:25 Town Patrol
52:03 Iron Casting
51:49 Chain Barding Armor
52:09 Hoardings
51:38 Chatras
59:11 Spies/Treason
火鸡味锅巴
1:23 Loom
13:51 Feudal Age
19:28 Castle Age
18:42 Double-Bit Axe
31:19 Wheelbarrow
30:46 Town Watch
31:14 Bow Saw
30:46 Horse Collar
34:12 Imperial Age
31:42 Town Patrol
32:32 Heavy Plow
33:11 Forging
33:01 Scale Mail Armor
33:21 Hand Cart
34:07 Caravan
35:23 Squires
34:43 Pikeman
36:27 Chemistry
36:03 Conscription
37:26 Houfnice
38:17 Wagenburg Tactics
39:23 Two-Man Saw
39:04 Iron Casting
38:44 Chain Mail Armor
38:19 Halberdier
42:33 Blast Furnace
41:48 Chain Mail Armor
46:13 Siege Engineers
46:29 Bombard Tower
46:30 Ballistics
46:06 Murder Holes
47:22 Plate Mail Armor
46:54 Padded Archer Armor
JUANITO_METEORO
7:54 Loom
10:42 Feudal Age
13:42 Double-Bit Axe
19:17 Castle Age
19:07 Horse Collar
26:55 Heavy Plow
27:55 Wheelbarrow
27:07 Town Watch
34:00 Imperial Age
34:31 Bow Saw
36:02 Bloodlines
36:57 Two-Man Saw
36:41 Caravan
37:16 Coinage
37:04 Guilds
36:41 Light Cavalry
37:36 Forging
37:53 Cavalier
39:59 Iron Casting
39:30 Scale Barding Armor
40:08 Conscription
40:47 Cuman Mercenaries
42:03 Thumb Ring
42:24 Parthian Tactics
41:55 Fletching
42:06 Padded Archer Armor
43:48 Blast Furnace
42:43 Bodkin Arrow
43:09 Chain Barding Armor
43:32 Leather Archer Armor
43:29 Steppe Husbandry
43:03 Elite Steppe Lancer
44:23 Hussar
45:56 Elite Kipchak
48:18 Paladin
50:32 Banking
SunTzu_Player
4:52 Loom
9:54 Feudal Age
19:22 Castle Age
18:51 Stone Mining
18:43 Horse Collar
26:23 Heavy Plow
30:47 Imperial Age
29:06 Scale Barding Armor
28:52 Fletching
29:18 Bloodlines
28:29 Light Cavalry
29:35 Ballistics
30:59 Elite Arambai
33:39 Chemistry
32:37 Murder Holes
32:22 Treadmill Crane
32:54 Fortified Wall
34:09 Chain Barding Armor
33:45 Bodkin Arrow
34:54 Caravan
39:13 Plate Barding Armor
Franghis Khan
10:27 Feudal Age
10:37 Feudal Age
9:19 Loom
11:44 Double-Bit Axe
11:48 Horse Collar
11:56 Horse Collar
17:44 Castle Age
15:54 Scale Mail Armor
19:58 Forging
21:23 Wheelbarrow
24:41 Stone Mining
24:47 Gold Mining
25:01 Heavy Plow
25:24 Bow Saw
33:26 Imperial Age
31:35 Iron Casting
31:15 Chain Mail Armor
34:22 Chain Mail Armor
35:05 Ballistics
37:19 Gold Shaft Mining
37:53 Chemistry
40:01 Conscription
39:53 Furor Celtica
40:01 Heavy Scorpion
41:17 Pikeman
47:12 Halberdier
Moixtezuma
8:10 Loom
11:55 Feudal Age
15:44 Castle Age
15:38 Double-Bit Axe
22:13 Horse Collar
25:07 Bow Saw
26:09 Wheelbarrow
26:43 Heavy Plow
26:40 Fletching
31:25 Imperial Age
32:10 Bodkin Arrow
33:13 Conscription
33:46 Hand Cart
33:28 Elite Mangudai
34:58 Padded Archer Armor
39:11 Caravan
40:12 Bracer
41:30 Ballistics
43:37 Chemistry
42:54 Leather Archer Armor
42:55 Bloodlines
42:45 Husbandry
50:20 Elite Steppe Lancer
51:58 Forging
51:54 Scale Barding Armor
Connection lost

Rejoining the realm…

Still unreachable

The connection could not be restored.

Session expired

The server has moved on; the page needs a fresh start.